 Dungeon Crawl Stone Soup version 0.30.0-5-g1a98f26d00 (webtiles) character file.

Game seed: 479724148406405703

23 nshep25 the Trooper (level 2, -5/24 HPs)
             Began as a Demonspawn Monk on May 11, 2023.
             Slain by a gnoll
             ... wielding a +0 spear
              (6 damage)
             ... on level 2 of the Dungeon.
             The game lasted 00:01:13 (866 turns).

nshep25 the Trooper (Demonspawn Monk)                Turns: 866, Time: 00:01:13

Health: -5/24      AC:  2    Str: 11    XL:     2   Next: 72%
Magic:  2/2        EV: 13    Int: 11    God:
Gold:   47         SH:  0    Dex: 15    Spells: 1/1 levels left

rFire   . .          .
                       - Unarmed
rCold   . . .        c - orb {light}
rNeg    . . .        a - +0 robe
rPois   .            (no helmet)
rElec   .            (no cloak)
rCorr   .            (no gloves)
SInv    .            (no boots)
Will    .....        (no amulet)
Stlth   +            (no ring)
HPRegen 0.24/turn    (no ring)
MPRegen 0.08/turn

%: no passive effects
@: glowing
A: demonic guardian 1
a: no special abilities


You were on level 2 of the Dungeon.
You visited 1 branch of the dungeon, and saw 2 of its levels.

You collected 47 gold pieces.

Inventory:

Armour
 a - a +0 robe (worn)
 c - an orb of light (worn)
Scrolls
 d - a scroll of torment {unknown}
 e - a scroll of brand weapon {unknown}
 f - a scroll of teleportation {unknown}
Potions
 b - a potion of ambrosia
 g - 2 potions of haste {unknown}
 h - a potion of cancellation {unknown}
 i - a potion of curing {unknown}


   Skills:
 + Level 3.3 Fighting
 + Level 2.9 Dodging
 + Level 3.2 Unarmed Combat


You had one spell level left.
You didn't know any spells.
Your spell library contained the following spells:

 Spells                   Type           Power      Damage    Failure   Level
 Sandblast                Erth           0%         2d4       34%         1
 Lesser Beckoning         Tloc           0%         N/A       47%         2
 Passwall                 Tmut/Erth      0%         N/A       47%         2
 Gell's Gravitas          Tloc           0%         N/A       71%         3
 Stone Arrow              Conj/Erth      0%         3d7       71%         3
 Teleport Other           Tloc           0%         N/A       71%         3


Dungeon Overview and Level Annotations

Branches:
Dungeon (2/15)

Altars:


Innate Abilities, Weirdness & Mutations

A weak demonic guardian rushes to your aid.


Message History

Found a flail.
The endoplasm quivers.
The endoplasm hits you but does no damage.
You hit the endoplasm.
The endoplasm is moderately wounded.
The endoplasm misses you.
You hit the endoplasm.
The endoplasm is heavily wounded.
You hit the endoplasm but do no damage.
The endoplasm is heavily wounded.
The endoplasm hits you but does no damage.
You hit the endoplasm but do no damage.
The endoplasm is heavily wounded.
The endoplasm freezes you.
You are frozen.
You hit the endoplasm.
You kill the endoplasm!
You see here a +0 flail.
HP restored.
A gnoll comes into view. It is wielding a +0 flail.
The gnoll shouts!
You hear a shout! x2
A gnoll comes into view. It is wielding a +0 spear.
You hit the gnoll.
The gnoll is heavily wounded.
The gnoll hits you with a +0 flail! The gnoll barely misses you.
You barely miss the gnoll.
The gnoll is heavily wounded.
The gnoll closely misses you.
The gnoll hits you from afar with a +0 spear!
A demonic guardian appears!
You hit the gnoll.
The gnoll is severely wounded.
The gnoll misses you.
The gnoll hits you from afar with a +0 spear.
You barely miss the gnoll.
The gnoll is severely wounded.
The gnoll hits you with a +0 flail!
* * * LOW HITPOINT WARNING * * *
The gnoll hits you from afar with a +0 spear.
You die...

.. [.. .# ..
####### .# .. .....
.# .. ###.### .###
.# #.....# g..
.######.#.#.#####g#
.##............5@.#
.##.###.#.#.#######
....# #...).# .####
###.### ## #.# #.#
#.# ..# ###


You could see 2 gnolls and a friendly iron imp (summoned).

Vanquished Creatures
  A dart slug (D:1)
  3 endoplasms
  A giant cockroach (D:1)
  4 goblins (D:1)
  A hobgoblin (D:1)
  A quokka (D:1)
  2 ball pythons (D:1)
  3 bats (D:1)
  2 frilled lizards (D:1)
  2 kobolds (D:1)
  A rat (D:1)
21 creatures vanquished.

Notes
Turn   | Place    | Note
-------+----------+-------------------------------------------
     0 | D:1      | nshep25 the Demonspawn Monk began the quest for the Orb.
     0 | D:1      | Reached XP level 1. HP: 18/18 MP: 1/1
   271 | D:1      | Gained mutation: A weak demonic guardian rushes to your
                  | aid. [demonic ancestry]
   271 | D:1      | Reached XP level 2. HP: 24/24 MP: 2/2
   866 | D:2      | HP: 1/24 [gnoll/+0 flail (7)]
   866 | D:2      | Slain by a gnoll

Illustrated notes

Levels and vault maps discovered:
D:1:      amcnicky_arrival_abandoned_market, layout_basic, serial_corexii_hall,
          corexii_hall_statues_u, corexii_hall_statues_l, st_stairs_2
D:2:      layout_loops_ring, serial_shops, shop

Skill      XL: |  1 |
---------------+----+-----
Unarmed Combat | 3 |  3.2
Fighting       | |  3.3
Dodging        | |  2.9

Action                     || total
---------------------------++-------
  Melee: Unarmed           ||    58
 Armour: Robe              ||    18
  Dodge: Dodged            ||    47
